 Dungeon Crawl Stone Soup version 0.30-a0-748-ge6a52f7cba (webtiles) character file.

Game seed: 694293553476093300

7644 Newt the Markskobold (level 11, -16/63 HPs)
             Began as a Kobold Hunter on Feb 8, 2023.
             Was an Elder of Hepliaklqana.
             Demolished by a very large slime creature (60 damage)
             ... on level 10 of the Dungeon.
             The game lasted 00:09:03 (9837 turns).

Newt the Markskobold (Kobold Hunter)                Turns: 9837, Time: 00:09:03

Health: -16/63     AC:  8    Str:  8    XL:     11   Next: 41%
Magic:  17/17      EV: 24    Int: 10    God:    Hepliaklqana [****..]
Gold:   587        SH:  0    Dex: 30    Spells: 10/10 levels left

rFire   . . .      SeeInvis +    E - +6 sling (flame)
rCold   . . .      Faith    +    (no shield)
rNeg    . . .      Spirit   .    F - +2 steam dragon scales
rPois   .          Reflect  .    (no helmet)
rElec   .          Harm     .    (no cloak)
rCorr   .          Rampage  .    (no gloves)
Will    .....                    r - +0 pair of boots
Stlth   ++++                     f - amulet of faith
HPRegen 0.30/turn                e - ring of see invisible
MPRegen 0.15/turn                y - +6 ring of dexterity

@: no status effects
A: reduced essence, small, no large weapons, nightstalker 3
a: Renounce Religion, Recall Ancestor, Ancestor Identity, Transference, Idealise


You were on level 10 of the Dungeon.
You worshipped Hepliaklqana.
Hepliaklqana was greatly pleased with you.
You visited 2 branches of the dungeon, and saw 11 of its levels.
You also visited: Bailey.

You collected 671 gold pieces.
You spent 84 gold pieces at shops.

Inventory:

Hand Weapons
 a - a +2 heavy shortbow
 E - a +6 sling of flaming (weapon)
Missiles
 l - 4 throwing nets
Armour
 c - a +1 leather armour
 r - a +0 pair of boots (worn)
 F - +2 steam dragon scales (worn)
 N - +0 acid dragon scales
Jewellery
 e - a ring of see invisible (left hand)
 f - an amulet of faith (around neck)
 j - a ring of fire
 p - an amulet of the acrobat
 y - a +6 ring of dexterity (right hand)
 L - a +6 ring of strength
Wands
 z - a wand of flame (10)
 C - a wand of paralysis (4)
 G - a wand of iceblast (6)
 J - a wand of polymorph (7)
 K - a wand of light (4)
 M - a wand of digging (11)
Scrolls
 b - 3 scrolls of immolation
 i - 5 scrolls of poison
 w - a scroll of amnesia
 A - 6 scrolls of teleportation
 H - a scroll of fear
 I - 2 scrolls of brand weapon
Potions
 d - 2 potions of lignification
 g - a potion of magic {unknown}
 h - 5 potions of flight
 k - 3 potions of invisibility
 m - a potion of berserk rage
 n - a potion of haste
 o - a potion of heal wounds
 q - 5 potions of curing
 s - 4 potions of attraction
 t - 2 potions of ambrosia {unknown}
 u - 3 potions of brilliance
 v - 3 potions of degeneration {unknown}
 x - 2 potions of might {unknown}
 B - a potion of cancellation {unknown}
 D - a potion of mutation {unknown}


   Skills:
 - Level 9.1 Fighting
 - Level 15.0 Ranged Weapons
 - Level 8.0 Dodging
 - Level 1.3 Stealth
 - Level 8.0 Invocations
 + Level 6.5 Evocations


You had 10 spell levels left.
You didn't know any spells.
Your spell library contained the following spells:

 Spells                   Type           Power      Damage    Failure   Level
 Magic Dart               Conj           0%         1d3       36%         1
 Lesser Beckoning         Tloc           0%         N/A       50%         2
 Searing Ray              Conj           0%         2d4       50%         2
 Gell's Gravitas          Tloc           0%         N/A       75%         3
 Ozocubu's Armour         Ice            0%         N/A       75%         3
 Teleport Other           Tloc           0%         N/A       75%         3
 Fulminant Prism          Conj/Hex       0%         3d5       98%         4
 Metabolic Englaciation   Hex/Ice        0%         N/A       100%        5
 Simulacrum               Ice/Necr       0%         N/A       100%        6


Dungeon Overview and Level Annotations

Branches:
Dungeon (10/15)            Temple (1/1) D:5            Lair (0/5) D:10
    Orc (0/2) D:10         Bailey (visited)

Altars:
Ashenzari
Cheibriados
Dithmenos
Elyvilon
Fedhas
Gozag
Hepliaklqana
Kikubaaqudgha
Nemelex Xobeh
Okawaru
Qazlal
Ru
Sif Muna
Trog
Uskayaw
Vehumet
Wu Jian
Xom
Yredelemnul
Zin
The Shining One
Jiyva

Shops:
D:7 (*:

Portals:
Trove: D:10 (give 7 potions of haste)

Annotations:
D:4 1 transporter, osoart's ghost, amateur AtFi
D:10 1 transporter


Innate Abilities, Weirdness & Mutations

Your life essence is reduced to manifest your ancestor. (-10% HP)
You are small and have problems with some larger weapons.
You are completely attuned to the shadows.


Message History

You shoot a sling bullet.
The sling bullet hits the large slime creature.
The sling bullet burns the large slime creature.
The large slime creature is severely wounded.
Two slime creatures merge to form a very large slime creature.
Nhalahla blocks the slime creature's attack.
Two slime creatures merge to form a very large slime creature.
Nhalahla hits the very large slime creature with a +0 flail!
You shoot a sling bullet.
The sling bullet hits the very large slime creature!
The sling bullet burns the very large slime creature.
The very large slime creature is heavily wounded.
Nhalahla blocks the slime creature's attack.
The very large slime creature barely misses you.
Nhalahla hits the very large slime creature with a +0 flail!
You shoot a sling bullet.
The sling bullet hits the very large slime creature.
The sling bullet burns the very large slime creature.
The very large slime creature is severely wounded.
The very large slime creature hits you!!
Nhalahla blocks the slime creature's attack.
You swap places.
Nhalahla hits the very large slime creature with a +0 flail!
The very large slime creature completely misses you.
A very large slime creature splits.
The slime creature barely misses you. The slime creature misses you.
Aiming: Iceblast
Press: ? - help, Shift-Dir - straight line, f - slime creature, p - very large slime creature
Aim: a slime creature (lightly wounded)
The mass of ice explodes!
The iceblast engulfs the slime creature!
The slime creature is moderately wounded.
The iceblast engulfs the very large slime creature!!
The very large slime creature is almost dead.
The iceblast engulfs the eye of devastation!
The eye of devastation is lightly wounded.
Nhalahla hits the slime creature with a +0 flail!
The very large slime creature hits you!!!
Ouch! That really hurt!
You die...

########.........................
..................©..............
.....###'##....#######...........
#######...#...##©###.##......>...
# #...#.###.?#.#/(##.######## #
). ##...#.##.)......G#))....... #
Dp##....#..###.....###...)..... #
###...##..##[.GJ...##...)..... #
###R...#######@J...###.........
###.R...###..#..JRJ....#.........
...R...## #..##..#©#..##.........
..R...## ##..##.###G##..........
....### #...#######...........
############...)..©..............
..........................)......
.................................
.................................


You could see the friendly Nhalahla the knight, a very large slime creature, a
large slime creature, 2 slime creatures and an eye of devastation.

Vanquished Creatures
  A komodo dragon (D:6)
  2 wyverns
  2 spriggans (Bailey)
  A vampire (D:10)
  5 yaks
  Grum (D:9)
  A basilisk (D:10)
  Menkaure (D:4)
  3 water moccasins
  2 acid dragons
  A sky beast (D:8)
  3 ogres (Bailey)
  3 ice beasts
  A black bear (D:7)
  3 centaurs
  3 wolves (D:9)
  2 phantoms
  A kobold brigand (D:9)
  4 bullfrogs
  A scorpion (D:6)
  3 wights (D:8)
  2 jellies
  7 hounds
  7 orc priests
  2 iguanas
  4 orc wizards
  7 gnolls
  4 adders
  A shadow imp (D:7)
  A white imp (D:5)
  An ufetubus (D:6)
  2 dart slugs
  27 orcs
  9 bats
  6 endoplasms
  A giant cockroach (D:3)
  3 hobgoblins
  5 jackals
  5 quokkas
  9 ball pythons
  2 frilled lizards
  7 goblins
  9 kobolds
  8 rats
173 creatures vanquished.

Vanquished Creatures (collateral kills)
  2 two-headed ogres
  A wyvern (D:10)
  3 yaks (D:9)
  An acid dragon (D:10)
  2 ogres
  A centaur (D:10)
  A kobold brigand (D:10)
  A wight (D:8)
  A howler monkey (D:9)
  2 orc wizards
  2 orcs
  2 goblins (D:7)
  A kobold (D:10)
20 creatures vanquished.

Grand Total: 193 creatures vanquished

Notes
Turn   | Place    | Note
-------+----------+-------------------------------------------
     0 | D:1      | Newt the Kobold Hunter began the quest for the Orb.
     0 | D:1      | Reached XP level 1. HP: 12/12 MP: 1/1
   104 | D:1      | Reached XP level 2. HP: 16/18 MP: 2/2
   533 | D:1      | Reached XP level 3. HP: 23/23 MP: 3/3
   837 | D:2      | Reached skill level 11 in Ranged Weapons
   837 | D:2      | Reached XP level 4. HP: 36/36 MP: 4/4
  1665 | D:2      | Identified the +4 dagger "Sope" {speed, Fly rN+ Int-5 SInv}
  2378 | D:3      | Found a faded altar of an unknown god.
  2469 | D:3      | Reached XP level 5. HP: 41/41 MP: 5/5
  3091 | D:4      | Noticed an ice beast
  3099 | D:4      | Killed an ice beast
  3100 | D:4      | Reached XP level 6. HP: 35/46 MP: 6/6
  3452 | D:4      | Found a broken altar of Ashenzari.
  3459 | D:4      | Reached skill level 12 in Ranged Weapons
  3667 | D:4      | Found a transporter.
  3670 | D:4      | Noticed osoart's ghost (amateur AtFi)
  3683 | D:4      | Found a transporter.
  3752 | D:4      | Reached XP level 7. HP: 46/51 MP: 7/7
  3776 | D:4      | Noticed Menkaure
  3780 | D:4      | Killed Menkaure
  4353 | D:4      | Found a basalt altar of Yredelemnul.
  4619 | D:5      | Entered Level 5 of the Dungeon
  4694 | D:5      | Found a white marble altar of Elyvilon.
  4731 | D:5      | Found a staircase to the Ecumenical Temple.
  4737 | Temple   | Entered the Ecumenical Temple
  4810 | Temple   | Became a worshipper of Hepliaklqana the Forgotten
  5007 | D:5      | Reached skill level 13 in Ranged Weapons
  5007 | D:5      | Reached XP level 8. HP: 56/56 MP: 8/8
  5633 | D:6      | Reached * piety under Hepliaklqana
  5710 | D:6      | Noticed a komodo dragon
  5712 | D:6      | Killed a komodo dragon
  6013 | D:6      | Reached skill level 14 in Ranged Weapons
  6033 | D:6      | Reached ** piety under Hepliaklqana
  6034 | D:6      | Remembered your ancestor Nhalahla as a knight
  6450 | D:7      | Found a flagged portal.
  6459 | D:7      | Reached XP level 9. HP: 28/54 MP: 9/9
  6465 | Bailey   | Entered a bailey
  6577 | Bailey   | Reached skill level 15 in Ranged Weapons
  6595 | Bailey   | Reached skill level 5 in Dodging
  6777 | Bailey   | Noticed a two-headed ogre
  6779 | Bailey   | Killed a two-headed ogre
  6780 | Bailey   | Reached XP level 10. HP: 59/59 MP: 10/10
  6794 | Bailey   | Identified the +7 quarterstaff of Agony {venom, +Blink}
  6938 | D:7      | Found an iron altar of Okawaru.
  6948 | D:7      | Found Fuisk's General Store.
  6953 | D:7      | Bought a scroll of identify for 28 gold pieces
  6953 | D:7      | Bought a scroll of fear for 56 gold pieces
  6975 | D:7      | Found Seckuaw's Weapon Emporium.
  6996 | D:7      | Reached skill level 1 in Invocations
  7040 | D:7      | Found Qijeul Wogir's Book Shoppe.
  7119 | D:7      | Found a blossoming altar of Fedhas.
  7269 | D:7      | Reached *** piety under Hepliaklqana
  7923 | D:9      | Noticed Grum
  7925 | D:9      | Reached skill level 5 in Invocations
  7930 | D:9      | Killed Grum
  8320 | D:9      | Reached skill level 1 in Evocations
  8320 | D:9      | Reached XP level 11. HP: 59/63 MP: 15/17
  8527 | D:10     | Entered Level 10 of the Dungeon
  8669 | D:10     | Reached **** piety under Hepliaklqana
  8721 | D:10     | Found a transporter.
  8755 | D:10     | Found a transporter.
  8758 | D:10     | Found a viscous altar of Jiyva.
  8933 | D:10     | Found a staircase to the Orcish Mines.
  9003 | D:10     | Noticed a two-headed ogre
  9008 | D:10     | Killed a two-headed ogre
  9009 | D:10     | Reached skill level 5 in Evocations
  9106 | D:10     | Noticed a death knight
  9136 | D:10     | Found an ancient bone altar of Kikubaaqudgha.
  9388 | D:10     | Found a portal to a secret trove of treasure.
  9585 | D:10     | Found a staircase to the Lair.
  9837 | D:10     | Demolished by a very large slime creature

Illustrated notes

Levels and vault maps discovered:
D:1:      minmay_arrival_semitransparent, layout_basic
D:2:      layout_basic, minmay_circle_x
D:3:      minmay_spotlight, layout_loops_cross,
          shapermc_ecumenical_altar_acropolis, nrook_mini_backslash,
          serial_bayou_lagoon_b
D:4:      layout_basic, lemuel_tele_altar, nicolae_ashenzari_skybound,
          gammafunk_ghost_stat_death, nrook_loot_triangle, skrybe_limestone_x,
          uniq_menkaure
D:5:      layout_loops_ring, mainiacjoe_overflow_chevrons,
          minmay_temple_entry_junction
D:6:      layout_cave_pods
D:7:      layout_rooms, lemuel_crystal_altar,
          mainiacjoe_overflow_six_doors_small, serial_shops, nicolae_shop_stone,
          shop, nicolae_diamond_shop, enter_bailey_5, nicolae_titane
D:8:      layout_rooms
D:9:      layout_roguey, uniq_grum
D:10:     gammafunk_jiyva_shrine, layout_long_grid, kennysheep_mini,
          erik_lair_dragon, david_orc_3, trove_entry_hex_spiral,
          lightli_corner_chamber
Temple:   nicolae_temple_x_marks_the_god

Skill      XL: |  1  2  3  4  5  6  7  8  9 10 11 |
---------------+----------------------------------+-----
Fighting       | 3 9 |  9.1
Ranged Weapons | 11 12 13 14 15 | 15.0
Dodging        | 7 8 |  8.0
Invocations    | 8 |  8.0
Evocations     | 1 6 |  6.5
Stealth        | |  1.3

Action                     |  1- 3 |  4- 6 |  7- 9 | 10-12 || total
---------------------------+-------+-------+-------+-------++-------
   Fire: Shortbow          |    51 |   120 |   108 |       ||   279
         Sling             |       |       |       |   209 ||   209
 Invoke: Ancestor Life: Kn |       |       |     1 |       ||     1
         Recall Ancestor   |       |       |       |     1 ||     1
         Transference      |       |       |       |     1 ||     1
  Evoke: Wand              |       |       |       |     1 ||     1
    Use: Scroll            |     5 |     9 |     6 |    12 ||    32
         Potion            |     1 |     3 |       |     1 ||     5
 Armour: Leather armour    |     3 |    16 |    21 |       ||    40
         Steam dragon scal |       |       |       |     3 ||     3
  Dodge: Dodged            |    16 |    53 |    78 |    42 ||   189

Table legend: (Time is in decaauts)
 A = Elapsed time spent in this place.
 B = Non-inter-level travel time spent in this place.
 C = Inter-level travel time spent in this place.
 D = Time resting spent in this place.
 E = Time spent auto-exploring this place.
 F = Levels seen in this place.
 G = Mean time per level.
                   A        B        C        D        E       F      G
               +--------+--------+--------+--------+--------+-----+--------+
         Total |   9811 |   9456 |    355 |    717 |   7762 |  12 |  817.6 |
       Dungeon |   9301 |   8967 |    334 |    632 |   7468 |  10 |  930.1 |
        Temple |    103 |     82 |     21 |      0 |     60 |   1 |  103.0 |
        Bailey |    405 |    405 |      0 |     85 |    233 |   1 |  405.0 |
               +--------+--------+--------+--------+--------+-----+--------+

Top non-repeatable levels by time:
     D:4: 1525 daAuts
     D:2: 1329 daAuts
    D:10: 1264 daAuts
     D:3: 959 daAuts
     D:6: 864 daAuts
     D:1: 845 daAuts
     D:5: 836 daAuts
     D:9: 608 daAuts
     D:7: 554 daAuts
     D:8: 514 daAuts
  Bailey: 405 daAuts
  Temple: 103 daAuts
